 Dungeon Crawl Stone Soup version 0.23-a0-625-g1d2cd9b (webtiles) character file.

36 Mgcat the Skirmisher (level 3, 0/30 HPs)
             Began as a Demonspawn Berserker on Dec 24, 2018.
             Was a Believer of Trog.
             Slain by a shadow imp (1 damage)
             ... on level 5 of the Dungeon.
             The game lasted 00:03:20 (1139 turns).

Mgcat the Skirmisher (Demonspawn Berserker)         Turns: 1139, Time: 00:03:21

Health: 0/30       AC:  5    Str: 18    XL:     3   Next: 19%
Magic:  3/3        EV: 12    Int:  8    God:    Trog [**....]
Gold:   87         SH:  0    Dex: 12    Spells: 2/2 levels left

rFire    . . .     SeeInvis .   a - +0 hand axe
rCold    . . .     Gourm    .   (no shield)
rNeg     . . .     Faith    .   b - +0 animal skin
rPois    .         Spirit   .   (no helmet)
rElec    .         Reflect  .   (no cloak)
rCorr    .         Harm     .   (no gloves)
MR       .....                  g - +0 pair of boots
Stlth    +.........             (no amulet)
HPRegen  0.10/turn              (no ring)
MPRegen  0.08/turn              (no ring)

@: no status effects
A: slimy green scales 1
a: Berserk, Trog's Hand, Renounce Religion


You were on level 5 of the Dungeon.
You worshipped Trog.
Trog was pleased with you.
You were not hungry.

You visited 1 branch of the dungeon, and saw 4 of its levels.

You collected 87 gold pieces.

Inventory:

Hand Weapons
 a - a +0 hand axe (weapon)
Armour
 b - a +0 animal skin (worn)
 g - a +0 pair of boots (worn)
   (You found it on level 1 of the Dungeon)
Scrolls
 d - a scroll of noise {unknown}
 e - a scroll of identify {unknown}
 h - a scroll of remove curse {unknown}
 i - a scroll of amnesia {unknown}
 j - 2 scrolls of teleportation {unknown}
Potions
 f - a potion of might {unknown}
Comestibles
 c - 4 rations
 k - a chunk of flesh {@w0}


   Skills:
 + Level 3.7 Fighting
 + Level 3.3 Axes
 - Level 1.7 Armour
 - Level 1.7 Dodging


You had 2 spell levels left.
You didn't know any spells.
Your spell library was empty.

Dungeon Overview and Level Annotations

Branches:
Dungeon (3/15)

Altars:
Ashenzari


Innate Abilities, Weirdness & Mutations

You are partially covered in slimy green scales. (AC +2)


Message History

Trog accepts your kill.
You can now call upon Trog for regeneration and magic resistance.
No target in view!
No target in view!
No target in view!
You now have 67 gold pieces (gained 9).
c - 4 rations (gained 1)
A rat comes into view.
You see here a scroll labeled PIRAWN CAIB.
j - 2 scrolls labeled PIRAWN CAIB (gained 1)
The rat barely misses you.
You slash the rat!
You kill the rat!
Trog accepts your kill.
No target in view!
No target in view!
No target in view!
You butcher the rat corpse.
k - a chunk of flesh {@w0} You see here a rat skeleton. x2
There is a stone staircase leading down here.
You now have 76 gold pieces (gained 9).
A goblin comes into view.
You fall through a shaft for 2 floors!
The shaft crumbles and collapses.
The centaur moves out of view.
Found 11 gold pieces and a scroll labeled KALECKULINN.
Found a shattered altar of Ashenzari.
Found a stone staircase leading up.
Unknown command.
Unknown command.
Unknown command.
No target in view!
No target in view!
No target in view!
A frilled lizard comes into view.
You see here 11 gold pieces.
You now have 87 gold pieces (gained 11).
The frilled lizard bites you but does no damage.
You miss the frilled lizard. The frilled lizard barely misses you.
You closely miss the frilled lizard. The frilled lizard bites you.
You completely miss the frilled lizard.
The frilled lizard bites you but does no damage.
You barely miss the frilled lizard.
The frilled lizard bites you but does no damage.
You completely miss the frilled lizard. The frilled lizard closely misses you.
You slash the frilled lizard!
You kill the frilled lizard!
Trog accepts your kill.
No target in view!
No target in view!
No target in view!
No target in view!
A shadow imp comes into view.
The shadow imp shouts, "Away with thee, thou currish weeb-spouting whey-face!"
You see here a frilled lizard corpse.
You butcher the frilled lizard corpse.
Things that are here:
a chunk of flesh {@w0}; a frilled lizard skeleton
Things that are here:
a chunk of flesh {@w0}; a frilled lizard skeleton You closely miss the shadow imp.
The shadow imp hits you. The shadow imp closely misses you.
You hit the shadow imp but do no damage.
The shadow imp gestures at you. Pain shoots through your body!
You are too injured to fight recklessly!
You are too injured to fight recklessly!
You are too injured to fight recklessly!
You are too injured to fight recklessly!
You barely miss the shadow imp.
The shadow imp hits you but does no damage.
You hit the shadow imp but do no damage.
The shadow imp hits you.
You hit the shadow imp.
The shadow imp is moderately wounded.
The shadow imp closely misses you.
You hit the shadow imp but do no damage.
The shadow imp is moderately wounded.
The shadow imp closely misses you.
You closely miss the shadow imp.
The shadow imp is moderately wounded.
The shadow imp hits you. The shadow imp barely misses you.
You barely miss the shadow imp.
The shadow imp is moderately wounded.
The shadow imp hits you.
* * * LOW HITPOINT WARNING * * *
You hit the shadow imp.
The shadow imp is heavily wounded.
The shadow imp barely misses you.
You hit the shadow imp.
The shadow imp is heavily wounded.
The shadow imp hits you.
* * * LOW HITPOINT WARNING * * *
You hit the shadow imp but do no damage.
The shadow imp is heavily wounded.
The shadow imp hits you.
* * * LOW HITPOINT WARNING * * *
You hit the shadow imp.
The shadow imp is almost dead.
The shadow imp hits you.
You die...

#...............
..........#.#... .
.........._....
..###.<.....#.#..#
................#
#...............
#......# #####..#
#@## #.5# #....
....... #........
##.......#
#.......#
##.....##


You could see a shadow imp.

Vanquished Creatures
  An adder (D:2)
  A dart slug (D:3)
  A giant cockroach (D:1)
  5 goblins (D:1)
  4 hobgoblins (D:1)
  4 kobolds (D:1)
  A ball python (D:1)
  4 bats (D:1)
  A frilled lizard (D:5)
  4 rats
26 creatures vanquished.

Notes
Turn   | Place    | Note
-------+----------+-------------------------------------------
     0 | D:1      | Mgcat the Demonspawn Berserker began the quest for the Orb.
     0 | D:1      | Reached XP level 1. HP: 18/18 MP: 1/1
   311 | D:1      | Reached skill level 3 in Axes
   316 | D:1      | Gained mutation: You are partially covered in slimy green
                  | scales. (AC +2) [demonic ancestry]
   316 | D:1      | Reached XP level 2. HP: 21/24 MP: 2/2
   876 | D:2      | Reached XP level 3. HP: 30/30 MP: 3/3
  1030 | D:3      | Reached ** piety under Trog
  1113 | D:3      | You fall through a shaft for 2 floors!
  1113 | D:5      | Entered Level 5 of the Dungeon
  1113 | D:5      | Found a shattered altar of Ashenzari.
  1135 | D:5      | HP: 7/30 [shadow imp (5)]
  1138 | D:5      | HP: 1/30 [shadow imp (5)]
  1139 | D:5      | Slain by a shadow imp

Vault maps used:
D:1:      dpeg_arrival_leaves_temple_mockup, hangedman_decor_clover_reticule
D:2:      kennysheep_six_static_rooms, chequers_ecumenical_altar_simple_redux,
          bh_chokoban, grunt_ministairs_2
D:3:      kennysheep_okawaru_gauntlet
D:5:      lemuel_crystal_altar, kiku_gazebo_garden_becter,
          minmay_temple_entry_trees, first_ration, uniq_sigmund

Skill      XL: |  1 |
---------------+----+-----
Axes           | 3 |  3.3
Fighting       | |  3.7
Armour         | |  1.7
Dodging        | |  1.7

Action                   || total
-------------------------++-------
Melee: Hand axe          ||    95
Invok: Berserk           ||     1
  Eat: Chunk             ||     2
Armor: Animal skin       ||    29
Dodge: Dodged            ||    54

Table legend:
 A = Non-vault XP
 B = Vault XP
 C = Vault XP percentage of total XP
 D = Non-vault monster count
 E = Vault monster count
 F = Vault count percentage of total count
                 A         B        C        D         E       F
            +---------+---------+-------+---------+---------+-------
      Total |      52 |       0 |   0.0 |      26 |       0 |   0.0
            +---------+---------+-------+---------+---------+-------
        D:1 |      33 |       0 |   0.0 |      22 |       0 |   0.0
        D:2 |      13 |       0 |   0.0 |       1 |       0 |   0.0
        D:3 |       5 |       0 |   0.0 |       2 |       0 |   0.0
        D:5 |       1 |       0 |   0.0 |       1 |       0 |   0.0
            +---------+---------+-------+---------+---------+-------

Vault maps used:
D:1:      dpeg_arrival_leaves_temple_mockup, hangedman_decor_clover_reticule
D:2:      kennysheep_six_static_rooms, chequers_ecumenical_altar_simple_redux,
          bh_chokoban, grunt_ministairs_2
D:3:      kennysheep_okawaru_gauntlet
D:5:      lemuel_crystal_altar, kiku_gazebo_garden_becter,
          minmay_temple_entry_trees, first_ration, uniq_sigmund

Table legend:
 A = Turns spent in this place as a percentage of turns spent in the entire game.
 B = Non-inter-level travel turns spent in this place as a percentage of non-inter-level travel turns spent in the entire game.
 C = Inter-level travel turns spent in this place as a percentage of turns spent in this place.
 D = Turns resting spent in this place as a percentage of non-inter-level travel turns spent in this place.
 E = Turns spent auto-exploring this place as a percentage of non-inter-level travel turns spent in this place.
 F = Non-inter-level travel turns spent in this place divided by the number of levels of this place that you've seen.
                   A       B       C       D       E      F
               +-------+-------+-------+-------+-------+----------------------
         Total | 100.0 | 100.0 |   5.9 |   9.0 |  73.3 | 268.0
       Dungeon | 100.0 | 100.0 |   5.9 |   9.0 |  73.3 | 268.0
               +-------+-------+-------+-------+-------+----------------------

Table legend:
 A = Kills in this place as a percentage of kills in entire the game.
 B = Kills by you in this place as a percentage of kills by you in the entire game.
 C = Kills by friends in this place as a percentage of kills by friends in the entire game.
 D = Other kills in this place as a percentage of other kills in the entire game.
 E = Experience gained in this place as a percentage of experience gained in the entire game.
 F = Experience gained in this place divided by the number of levels of this place that you have seen.
                   A       B       C       D       E      F
               +-------+-------+-------+-------+-------+----------------------
         Total | 100.0 | 100.0 |   N/A |   N/A | 100.0 |  13.0
       Dungeon | 100.0 | 100.0 |   N/A |   N/A | 100.0 |  13.0
               +-------+-------+-------+-------+-------+----------------------
